 Dungeon Crawl Stone Soup version 0.30-a0-586-g23e55c9e0a (webtiles) character file.

Game seed: 11390459247531003642

77 Shayle the Conjurer (level 4, 34/34 HPs)
             Began as a Demonspawn Reaver on Jan 3, 2023.
             Quit the game on level 3 of the Dungeon.
             The game lasted 00:04:16 (1412 turns).

Shayle the Conjurer (Demonspawn Reaver)             Turns: 1412, Time: 00:04:17

Health: 34/34      AC:  4    Str: 12    XL:     4   Next: 13%
Magic:  7/7        EV: 12    Int: 16    God:
Gold:   106        SH:  0    Dex: 12    Spells: 6/7 levels left

rFire   . . .      SeeInvis .    a - +0 spear
rCold   . . .      Faith    .    (no shield)
rNeg    . . .      Spirit   .    b - +0 leather armour
rPois   .          Reflect  .    (helmet restricted)
rElec   .          Harm     .    (no cloak)
rCorr   .          Rampage  .    h - +0 pair of gloves
Will    .....                    (no boots)
Stlth   +                        (no amulet)
HPRegen 0.25/turn                (no ring)
MPRegen 0.10/turn                (no ring)

@: no status effects
A: antennae 1, foul stench 1
a: no special abilities


You were on level 3 of the Dungeon.
You visited 1 branch of the dungeon, and saw 3 of its levels.

You collected 106 gold pieces.

Inventory:

Hand Weapons
 a - a +0 spear (weapon)
Missiles
 g - 2 curare-tipped darts
Armour
 b - a +0 leather armour (worn)
 h - a +0 pair of gloves (worn)
Scrolls
 f - 2 scrolls of noise
 l - a scroll of fog
 m - a scroll of magic mapping
Potions
 c - a potion of curing {unknown}
 d - a potion of might {unknown}
 e - a potion of brilliance {unknown}
 i - a potion of attraction {unknown}
 j - a potion of heal wounds {unknown}
 k - a potion of haste {unknown}


   Skills:
 + Level 2.8 Fighting
 - Level 2.6 Polearms
 + Level 2.4 Dodging
 - Level 2.0 Spellcasting
 - Level 3.0 Conjurations
 + Level 1.9 Necromancy
 + Level 1.5 Earth Magic


You had 6 spell levels left.
You knew the following spells:

 Your Spells              Type           Power      Damage    Failure   Level
a - Kiss of Death         Conj/Necr      36%        2d8       10%         1

Your spell library contained the following spells:

 Spells                   Type           Power      Damage    Failure   Level
 Momentum Strike          Conj/Tloc      12%        3d8       22%         2
 Hailstorm                Conj/Ice       6%         3d4       38%         3
 Freezing Cloud           Conj/Ice/Air   2%         6-21      99%         5
 Simulacrum               Ice/Necr       2%         N/A       100%        6
 Polar Vortex             Ice            0%         N/A       100%        9


Dungeon Overview and Level Annotations

Branches:
Dungeon (3/15)

Altars:


Innate Abilities, Weirdness & Mutations

You have a pair of small antennae on your head.
You may rarely emit foul miasma when damaged in melee.


Message History

You kill the hobgoblin!
The adder barely misses you.
You miss the adder. The adder barely misses you.
You hit the adder.
The adder is heavily wounded.
The adder bites you.
You barely miss the adder.
The adder is heavily wounded.
The adder barely misses you.
You closely miss the adder.
The adder is moderately wounded.
The adder barely misses you. x2
You hit the adder.
The adder is heavily wounded.
The adder bites you but does no damage.
You barely miss the adder.
The adder is heavily wounded.
The adder closely misses you.
You closely miss the adder.
The adder is heavily wounded.
The adder bites you.
You miss the adder.
The adder is heavily wounded.
The adder closely misses you. The adder bites you.
You hit the adder.
The adder is severely wounded.
The adder bites you but does no damage.
You miss the adder.
The adder is severely wounded.
The adder barely misses you.
You hit the adder.
The adder is severely wounded.
The adder bites you but does no damage.
You hit the adder.
You kill the adder!
You have reached level 4!
You feel agile.
Your demonic ancestry asserts itself...
A pair of antennae grows on your head!
A rat comes into view.
Are you sure you want to abandon this character and quit the game? (Confirm with "yes".)

##### ###### ### #...# .r....###
#.####...# #..@#####.##.....#
###....#.....#...#
###......[#.....#
####...##....#.######
#....####.#.........#
#.##..######.##...........####.#
#................######)##.#
#..#...........## #.##.#
#..#..........## ####....#


You could see a rat (asleep).

Vanquished Creatures
  3 adders
  A worm (D:2)
  3 ball pythons
  5 endoplasms
  2 giant cockroaches (D:1)
  5 goblins
  8 hobgoblins
  2 jackals (D:1)
  2 kobolds (D:2)
  A quokka (D:1)
  4 bats
  A frilled lizard (D:1)
  3 rats (D:1)
40 creatures vanquished.

Notes
Turn   | Place    | Note
-------+----------+-------------------------------------------
     0 | D:1      | Shayle the Demonspawn Reaver began the quest for the Orb.
     0 | D:1      | Reached XP level 1. HP: 16/16 MP: 3/3
   195 | D:1      | Gained mutation: You may rarely emit foul miasma when
                  | damaged in melee. [demonic ancestry]
   195 | D:1      | Reached XP level 2. HP: 18/22 MP: 5/5
   269 | D:1      | Reached skill level 1 in Necromancy
   469 | D:1      | Reached skill level 1 in Earth Magic
   531 | D:1      | You fall into a shaft and drop 1 floor!
   555 | D:2      | Reached XP level 3. HP: 21/28 MP: 6/6
  1386 | D:3      | Gained mutation: You have a pair of small antennae on your
                  | head. [demonic ancestry]
  1386 | D:3      | Reached XP level 4. HP: 30/34 MP: 7/7
  1412 | D:3      | Quit the game

Illustrated notes

Levels and vault maps discovered:
D:1:      amcnicky_arrival_flooded_fountain, layout_rooms,
          minmay_misc_feat_secret_circle
D:2:      layout_rooms
D:3:      layout_rooms, grunt_ministairs_9

Skill      XL: |  1  2 |
---------------+-------+-----
Dodging        | 2 |  2.4
Necromancy     | 1 |  1.9
Earth Magic    | 1 |  1.5
Fighting       | |  2.8
Polearms       | |  2.6
Spellcasting   | |  2.0
Conjurations   | |  3.0

Action                   |  1- 3 |  4- 6 || total
-------------------------+-------+-------++-------
Melee: Spear             |   180 |       ||   180
       Punch             |     3 |       ||     3
  Use: Scroll            |     4 |       ||     4
Armor: Leather armour    |    42 |       ||    42
Dodge: Dodged            |    77 |       ||    77

Table legend: (Time is in decaauts)
 A = Elapsed time spent in this place.
 B = Non-inter-level travel time spent in this place.
 C = Inter-level travel time spent in this place.
 D = Time resting spent in this place.
 E = Time spent auto-exploring this place.
 F = Levels seen in this place.
 G = Mean time per level.
                   A        B        C        D        E       F      G
               +--------+--------+--------+--------+--------+-----+--------+
         Total |   1407 |   1392 |     15 |    148 |    777 |   3 |  469.0 |
       Dungeon |   1407 |   1392 |     15 |    148 |    777 |   3 |  469.0 |
               +--------+--------+--------+--------+--------+-----+--------+

Top non-repeatable levels by time:
     D:2: 684 daAuts
     D:1: 562 daAuts
     D:3: 160 daAuts
